Map: World of Sleepers LE

Players

Samwise

  • Race: Protoss Protoss
  • League: Platinum
  • Spawn Location: 7:00

absolute - Winner!

  • Race: Protoss Protoss
  • League: Platinum
  • Spawn Location: 1:00

VOD

Have the link to the VOD?

Description

Time

  • Played on: Aug. 30, 2019, 3:39 p.m.
  • Length: 10:35
Show
View Real Time Build Order
Export as new Build Order

Samwise Protoss 

Build Orders:  

Get SALT Encoding   

  12  0:01  Probe  
  13  0:13  Probe  
  14  0:19  Pylon  
  14  0:25  Probe  
  15  0:37  Probe  
  16  0:43  Gateway  
  16  0:49  Probe  
  17  0:55  Assimilator  
  17  1:07  Gateway  
  17  1:10  Probe  
  18  1:22  Probe  
  19  1:34  Probe  
  19  1:38  Cybernetics Core  
  20  1:42  Pylon  
  20  1:46  Probe  
  21  1:58  Probe  
  22  2:10  Probe  
  22  2:14  Stalker x2  
  27  2:16  Warp Gate  
  28  2:22  Probe  
  28  2:29  Pylon  
  28  2:41  Probe  
  29  2:44  Stalker  
  29  2:47  Assimilator  
  28  3:25  Probe  
  29  3:29  Stalker  
  31  3:50  Probe  
  27  3:58  Probe  
  26  4:07  Probe  
  26  4:08  Robotics Facility  
  25  4:12  Gateway  
  26  4:18  Shield Battery  
  26  4:19  Probe  
  26  4:24  Nexus  
  27  4:29  Stalker  
  29  4:33  Stalker  
  31  4:39  Probe  
  30  5:01  Stalker x2  
  30  5:03  Probe  
  35  5:13  Shield Battery  
  35  5:15  Pylon  
  33  5:33  Probe  
  33  5:34  Probe  
  34  5:41  Probe  
  35  5:46  Probe  
  37  5:51  Probe  
  37  5:53  Shield Battery  
  38  5:58  Probe  
  38  6:03  Probe  
  40  6:05  Sentry x2  
  40  6:10  Probe  
  45  6:15  Observer, Twilight Council, Probe  
  46  6:22  Probe  
  48  6:29  Probe  
  48  6:31  Immortal  
  49  6:34  Probe  
  54  6:41  Probe  
  45  7:09  Stalker  
  45  7:10  Immortal  
  45  7:11  Stalker  
  45  7:14  Stalker  
  39  7:38  Stalker  
  39  7:39  Stalker x2  
  39  7:42  Blink, Probe x2  
  47  7:44  Assimilator  
  47  7:47  Assimilator  
  47  7:54  Probe x2  
  49  8:06  Probe x2  
  49  8:12  Gateway  
  51  8:15  Stalker  
  51  8:18  Probe x2, Sentry  
  57  8:30  Probe x2  
  59  8:42  Probe x2  
  59  8:44  Pylon  
  59  8:46  Pylon  
  61  8:53  Gateway  
  61  8:54  Probe  
  62  9:00  Gateway  
  66  9:03  Immortal  
  66  9:12  Stalker x4  
  62  9:35  Stalker  
  62  9:36  Stalker x3  
  54  9:54  Stalker x2  
  60  10:11  Stalker x3  
  60  10:24  Pylon  
Show
View Real Time Build Order
Export as new Build Order

absolute Protoss - Winner!

Build Orders: Oracle Opening 

Get SALT Encoding   

  12  0:00  Probe  
  13  0:13  Pylon  
  13  0:19  Probe  
  14  0:32  Gateway  
  14  0:39  Assimilator  
  14  0:45  Probe  
  14  0:49  Assimilator  
  15  0:53  Probe  
  16  1:07  Gateway  
  16  1:21  Cybernetics Core  
  16  1:25  Probe  
  17  1:34  Assimilator  
  17  1:39  Probe  
  18  1:54  Probe  
  18  1:55  Pylon, Adept x2  
  23  2:09  Warp Gate  
  23  2:13  Probe  
  24  2:18  Adept  
  26  2:31  Adept  
  28  2:40  Stargate  
  28  3:19  Oracle  
  28  3:26  Nexus  
  28  3:28  Pylon  
  25  4:07  Oracle, Probe  
  24  4:10  Shield Battery, Sentry, Stalker  
  31  4:19  Probe  
  31  4:20  Gateway  
  32  4:31  Pylon, Probe  
  33  4:39  Probe  
  33  4:44  Stalker  
  36  4:52  Stalker  
  38  5:09  Probe x2  
  38  5:13  Assimilator  
  40  5:15  Assimilator  
  40  5:22  Void Ray  
  37  5:30  Probe x2  
  43  5:36  Stalker  
  43  5:37  Sentry  
  43  5:38  Probe  
  43  5:39  Probe  
  48  5:49  Probe  
  49  5:50  Probe  
  49  5:52  Stalker  
  53  6:09  Void Ray  
  57  6:15  Pylon  
  57  6:22  Sentry x2  
  61  6:35  Probe x2  
  61  6:39  Pylon  
  63  6:59  Pylon  
  49  7:33  Stalker  
  49  7:34  Stalker x2  
  49  7:36  Void Ray  
  47  7:40  Probe  
  47  7:41  Probe  
  49  7:46  Forge  
  49  7:49  Gateway  
  53  7:52  Gateway  
  53  7:55  Gateway  
  53  7:57  Sentry  
  53  7:58  Sentry, Stalker  
  59  7:59  Probe  
  59  8:00  Probe  
  59  8:04  Protoss Ground Weapons Level 1  
  61  8:08  Probe x2  
  63  8:17  Probe x2  
  65  8:28  Sentry x2, Stalker  
  65  8:31  Pylon  
  65  8:33  Void Ray  
  75  8:50  Pylon  
  75  8:51  Stalker  
  75  8:52  Sentry  
  75  8:53  Sentry  
  81  9:05  Gateway  
  81  9:13  Stalker x3  
  81  9:41  Stalker  
  81  9:42  Stalker x5  
  83  10:15  Stalker x4  
  83  10:16  Stalker  
  93  10:23  Nexus  
  93  10:26  Pylon  
Tags
 
Add a new tag
Caveats
  • Supply blocks, unpowered buildings, or Contaminate may cause inaccurate times.
  • Supply counts are checked every 10 seconds.